 Dungeon Crawl Stone Soup version 0.24-a0-67-ga78bd38 (webtiles) character file.

Game seed: 2286940849588139581

61 Moebius the Digger (level 4, -1/27 HPs)
             Began as a Gargoyle Earth Elementalist on Feb 5, 2019.
             Slain by a goblin (6 damage)
             ... led by Robin
             ... on level 2 of the Dungeon.
             The game lasted 00:06:06 (1787 turns).

Moebius the Digger (Gargoyle Earth Elementalist)    Turns: 1787, Time: 00:06:07

Health: -1/27      AC:  0    Str: 11    XL:     4   Next: 7%
Magic:  7/7        EV: 19    Int: 17    God:
Gold:   134        SH:  0    Dex: 15    Spells: 3/7 levels left

rFire    . . .     SeeInvis .   (weapon currently unavailable)
rCold    . . .     Gourm    .   (shield currently unavailable)
rNeg     + . .     Faith    .   (armour currently unavailable)
rPois    ∞         Spirit   .   (helmet currently unavailable)
rElec    .         Reflect  .   (cloak currently unavailable)
rCorr    .         Harm     .   (gloves currently unavailable)
MR       .....                  (boots currently unavailable)
Stlth    ++........             (no amulet)
HPRegen  0.09/turn              (ring currently unavailable)
MPRegen  0.10/turn              (ring currently unavailable)

@: about to teleport, bat-form, flying, very quick
A: tiny, negative energy resistance 1, petrification resistance, rot immunity,
AC +3
a: no special abilities


You were on level 2 of the Dungeon.
You were not hungry.
You were in bat-form.
You visited 1 branch of the dungeon, and saw 3 of its levels.

You collected 134 gold pieces.

Inventory:

Hand Weapons
 l - a +0 club (melded)
 s - a +0 hunting sling
Missiles
 a - 19 bolts
 b - 37 stones (quivered)
 k - 21 sling bullets
 n - 65 arrows
Armour
 c - a +0 robe (melded)
 o - a +0 cloak (melded)
Scrolls
 f - 3 scrolls of remove curse {unknown}
 h - 6 scrolls of identify {unknown}
 i - a scroll of enchant armour {unknown}
 t - 2 scrolls of blinking {unknown}
Comestibles
 d - 8 rations


   Skills:
 + Level 2.8 Fighting
 + Level 1.7 Maces & Flails
 - Level 1.5 Dodging
 - Level 2.1 Stealth
 - Level 0.8 Unarmed Combat
 - Level 2.0 Spellcasting
   Level 0.7 Transmutations
 - Level 3.7 Earth Magic


You had 3 spell levels left.
You knew the following spells:

 Your Spells              Type           Power        Failure   Level  Hunger
a - Sandblast             Erth           ##....       4%          1    #......
b - Stone Arrow           Conj/Erth      #.....       26%         3    ###....

Your spell library contained the following spells:

 Spells                   Type           Power        Failure   Level  Hunger
 Passwall                 Tmut/Erth      #.......     12%         2    ###....
 Petrify                  Tmut/Erth      #.......     61%         4    #####..
 Lee's Rapid Deconstruct  Erth           ##........   75%         5    ######.


Dungeon Overview and Level Annotations

Branches:
Dungeon (3/15)

Altars:
Qazlal

Annotations:
D:2 Robin


Innate Abilities, Weirdness & Mutations

You are resistant to torment.
((Your stone body is resilient. (AC +3)))
You are immune to poison.
You resist negative energy. (rN+)
((You are resistant to electric shocks. (rElec)))
((You can survive without breathing.))
You are immune to petrification.
You are immune to rotting.


Message History

* * * LOW HITPOINT WARNING * * *
The goblin misses you.
You aren't carrying any potions.
As you read the scroll labeled QENLEE DEGEL, it crumbles to dust.
You feel strangely unstable.
It was a scroll of teleportation.
The hobgoblin completely misses you.
Robin roars a battlecry!
The hobgoblins go into a battle-frenzy!
The goblin misses you.
You hit the goblin.
The goblin is heavily wounded.
The hobgoblin barely misses you. Robin misses you.
You hit the goblin but do no damage.
The goblin is heavily wounded.
The goblin completely misses you. The hobgoblin closely misses you.
Robin completely misses you.
You closely miss the goblin.
The goblin is heavily wounded.
The goblin hits you.
You die...

#.# ###...### #.#
###.### #.#######
#...) #.......#
##### #######.# #
#.# # #[# ######
#########.####.....
#gbg...........##..
#g#######.###..##.#
#g #.# #.....# #.
#.# ##.##.# #. #.#
#.##.. #. #÷#
#.#### #. #.# ##.#
# #. #.# #..# # #.#
#.## #


You could see Robin, 2 hobgoblins and a goblin.

Vanquished Creatures
  An adder (D:2)
  2 worms (D:2)
  A dart slug (D:1)
  A ball python (D:2)
  5 bats
  A giant cockroach (D:1)
  10 goblins
  3 hobgoblins
  5 jackals (D:2)
  A quokka (D:2)
  7 frilled lizards
  A kobold (D:2)
  3 rats
41 creatures vanquished.

Notes
Turn   | Place    | Note
-------+----------+-------------------------------------------
     0 | D:1      | Moebius the Gargoyle Earth Elementalist began the quest for
                  | the Orb.
     0 | D:1      | Reached XP level 1. HP: 10/10 MP: 3/3
   179 | D:1      | Reached skill level 1 in Fighting
   179 | D:1      | Reached XP level 2. HP: 11/16 MP: 0/5
  1104 | D:2      | Reached XP level 3. HP: 20/21 MP: 4/6
  1109 | D:2      | Learned a level 3 spell: Stone Arrow
  1190 | D:2      | Reached skill level 1 in Maces & Flails
  1401 | D:2      | Found a stormy altar of Qazlal.
  1763 | D:2      | Identified the cursed -2 helmet of Repulsion {rElec Regen+}
  1763 | D:2      | Noticed Robin
  1769 | D:2      | Reached XP level 4. HP: 22/27 MP: 7/7
  1787 | D:2      | Slain by a goblin

Vault maps used:
D:1:      dpeg_arrival_signposts, minmay_pentomino_t2
D:2:      first_ration, nicolae_qazlal_general_emergency, uniq_robin
D:3:      wander_river, uniq_natasha

Skill      XL: |  1  2  3 |
---------------+----------+-----
Fighting       | 1 2 |  2.8
Maces & Flails | 1 |  1.7
Dodging        | |  1.5
Stealth        | |  2.1
Unarmed Combat | |  0.8
Spellcasting   | |  2.0
Transmutations | |  0.7
Earth Magic    | |  3.7

Action                   |  1- 3 |  4- 6 || total
-------------------------+-------+-------++-------
Melee: Unarmed           |    16 |     9 ||    25
       Dagger            |     3 |       ||     3
       Club              |    51 |     8 ||    59
 Cast: Sandblast         |    40 |       ||    40
  Use: Potion            |     7 |       ||     7
       Scroll            |       |     1 ||     1
 Stab: Sleeping          |     2 |       ||     2
  Eat: Chunk             |     3 |       ||     3
Armor: Robe              |    33 |     6 ||    39
Dodge: Dodged            |    61 |    23 ||    84

Table legend:
 A = Non-vault XP
 B = Vault XP
 C = Vault XP percentage of total XP
 D = Non-vault monster count
 E = Vault monster count
 F = Vault count percentage of total count
                 A         B        C        D         E       F
            +---------+---------+-------+---------+---------+-------
      Total |      77 |      11 |  12.5 |      35 |       6 |  14.6
            +---------+---------+-------+---------+---------+-------
        D:1 |      27 |       3 |  10.0 |      16 |       2 |  11.1
        D:2 |      50 |       8 |  13.8 |      19 |       4 |  17.4
            +---------+---------+-------+---------+---------+-------
